 Dungeon Crawl Stone Soup version 0.26-a0-403-g5864c69 (webtiles) character file.

Game seed: 15994661309444870558

349 silenth the Slasher (level 6, -8/44 HPs)
             Began as an Octopode Fighter on July 24, 2020.
             Killed from afar by Pikel (16 damage)
             ... with an iceblast
             ... on level 4 of the Dungeon.
             The game lasted 00:02:42 (2612 turns).

silenth the Slasher (Octopode Fighter)              Turns: 2612, Time: 00:02:42

Health: -8/44      AC:  1    Str: 16    XL:     6   Next: 60%
Magic:  6/6        EV: 27    Int: 10    God:
Gold:   246        SH:  9    Dex: 13    Spells: 5/5 levels left

rFire    . . .     SeeInvis .   a - +1 long sword
rCold    . . .     Faith    .   b - +0 kite shield
rNeg     . . .     Spirit   .   (helmet restricted)
rPois    .         Reflect  .   h - amulet of the acrobat
rElec    .         Harm     .   (no ring)
rCorr    .                      (no ring)
MR       .....                  (no ring)
Stlth    ++........             (no ring)
HPRegen  0.14/turn              (no ring)
MPRegen  0.10/turn              (no ring)
                                (no ring)
                                (no ring)

@: acrobat
A: almost no armour, stealthy swim, amphibious, 8 rings, constrict 8, camouflage
1, gelatinous body 1
a: no special abilities


You were on level 4 of the Dungeon.
You visited 1 branch of the dungeon, and saw 4 of its levels.
You also visited: Sewer.

You collected 246 gold pieces.

Inventory:

Hand Weapons
 a - a +1 long sword (weapon)
Missiles
 j - 5 poisoned darts (quivered)
Armour
 b - a +0 kite shield (worn)
Jewellery
 h - an amulet of the acrobat (around mantle)
Scrolls
 m - 4 scrolls of enchant weapon
Potions
 c - a potion of might
 d - a potion of berserk rage
 e - a potion of cancellation {unknown}
 f - a potion of lignification
 g - 2 potions of heal wounds {unknown}
 i - a potion of curing
 k - a potion of brilliance {unknown}
 l - a potion of resistance {unknown}
 o - a potion of stabbing


   Skills:
 + Level 4.7 Fighting
 * Level 5.6 Long Blades
 - Level 3.0 Dodging
 - Level 3.0 Shields


You had 5 spell levels left.
You didn't know any spells.
Your spell library was empty.

Dungeon Overview and Level Annotations

Branches:
Dungeon (4/15)              Sewer (visited)
 Temple: D:4-7

Altars:
Vehumet

Annotations:
D:4 Pikel


Innate Abilities, Weirdness & Mutations

You cannot wear most types of armour.
You are very stealthy in the water. (Stealth+)
You are amphibious.
You can wear up to eight rings at the same time.
You can use your tentacles to constrict eight enemies at once.
Your skin changes colour to match your surroundings (Stealth+).
Your rubbery body absorbs attacks. (AC +1, EV +1)


Message History

The lemure is moderately wounded.
You constrict the lemure. The lemure barely misses you.
The lemure closely misses you.
You riposte.
Your shield prevents you from hitting the lemure.
Your squeeze misses the lemure.
The lemure is moderately wounded.
Pikel hits you with a +1 whip of freezing!
Pikel freezes you.
You are too injured to fight recklessly!
You are too injured to fight recklessly!
You are too injured to fight recklessly!
You are too injured to fight recklessly!
You release your grip on the lemure.
The lemure barely misses you.
Pikel drinks a potion.
Pikel seems to speed up.
Pikel zaps a wand.
The mass of ice explodes!
The iceblast engulfs you!!
* * * LOW HITPOINT WARNING * * *
Okay, then.
There is an open door here.
Pikel zaps a wand.
The mass of ice explodes!
The iceblast engulfs you!
You die...

#..............##.#
.<.#.w........##.# #
##5#.......##.#
#.#.......##.##
#5#########.#.##
##K## ##.###.##
##...## ##.## ##.##
##..[..## #.## ##.#
#......@####.## ##.##
#.......[.####.###.##
+.........'.....#.##
#.........####...##
##.......##
##.####### ##.....##
#........# ##...##
#..#####.# ##+#
#....# #.# #.##.# #<#


You could see Pikel (fast) and a lemure.

Vanquished Creatures
  Sigmund (D:2)
  A crocodile (Sewer)
  A lemure (D:4)
  4 adders
  A river rat (D:3)
  4 worms
  A dart slug (D:1)
  A leopard gecko (D:2)
  3 orcs (D:3)
  11 bats
  2 giant cockroaches
  7 goblins
  A hobgoblin (D:3)
  3 quokkas (D:3)
  2 ball pythons (D:3)
  2 frilled lizards (D:3)
  9 kobolds
  5 rats
59 creatures vanquished.

Notes
Turn   | Place    | Note
-------+----------+-------------------------------------------
     0 | D:1      | silenth the Octopode Fighter began the quest for the Orb.
     0 | D:1      | Reached XP level 1. HP: 16/16 MP: 1/1
    70 | D:1      | Reached XP level 2. HP: 17/21 MP: 2/2
   320 | D:1      | You fall into a shaft and drop 1 floor!
  1007 | D:1      | Reached skill level 3 in Long Blades
  1077 | D:2      | Reached XP level 3. HP: 26/26 MP: 3/3
  1433 | D:2      | Noticed Sigmund
  1440 | D:2      | Killed Sigmund
  1440 | D:2      | Reached skill level 4 in Fighting
  1440 | D:2      | Reached skill level 5 in Long Blades
  1440 | D:2      | Reached XP level 4. HP: 34/34 MP: 4/4
  1440 | D:2      | Reached XP level 5. HP: 38/38 MP: 5/5
  1823 | D:3      | Reached XP level 6. HP: 41/44 MP: 6/6
  1882 | D:3      | Found a radiant altar of Vehumet.
  1968 | D:3      | Found a glowing drain.
  2016 | Sewer    | Entered a sewer
  2596 | D:4      | Noticed Pikel
  2612 | D:4      | Killed from afar by Pikel

Illustrated notes

Levels and vault maps discovered:
D:1:      grunt_arrival_lava_bath, layout_loops_corners, minmay_small_reverse_x
D:2:      layout_loops_corners, uniq_sigmund
D:3:      layout_rooms, vehumet_crystals, portal_sewer_entry_a
D:4:      layout_loops_corners, lemuel_doored_altar, lemuel_round_altar,
          gammafunk_temple_overflow_claw, serial_shops, shop,
          nicolae_ashenzari_panopticon, uniq_robin, uniq_pikel

Skill      XL: |  1  2  3 |
---------------+----------+-----
Long Blades    | 3 5 |  5.6
Fighting       | 4 |  4.7
Dodging        | |  3.0
Shields        | |  3.0

Action                   |  1- 3 |  4- 6 || total
-------------------------+-------+-------++-------
Melee: Long sword        |    47 |    59 ||   106
       Constrict         |    16 |    15 ||    31
       Tentacles         |    11 |    18 ||    29
Throw: Dart              |       |     3 ||     3
  Use: Scroll            |       |     9 ||     9
       Potion            |       |     3 ||     3
 Stab: Sleeping          |     4 |     6 ||    10
Armor: Skin              |     5 |     4 ||     9
Dodge: Dodged            |    27 |    41 ||    68
Block: Kite shield       |    22 |    28 ||    50
       Rpst.: Long sword |     7 |    10 ||    17

Table legend: (Time is in decaauts)
 A = Elapsed time spent in this place.
 B = Non-inter-level travel time spent in this place.
 C = Inter-level travel time spent in this place.
 D = Time resting spent in this place.
 E = Time spent auto-exploring this place.
 F = Levels seen in this place.
 G = Mean time per level.
                   A        B        C        D        E       F      G
               +--------+--------+--------+--------+--------+-----+--------+
         Total |   2652 |   2525 |    127 |    147 |   1866 |   5 |  530.4 |
       Dungeon |   2473 |   2346 |    127 |     77 |   1820 |   4 |  618.2 |
         Sewer |    179 |    179 |      0 |     70 |     46 |   1 |  179.0 |
               +--------+--------+--------+--------+--------+-----+--------+

Top non-repeatable levels by time:
     D:1: 1022 daAuts
     D:2: 808 daAuts
     D:3: 572 daAuts
   Sewer: 179 daAuts
     D:4: 70 daAuts
